 Dungeon Crawl Stone Soup version 0.29-a0-284-gf9362112df (webtiles) character file.

Game seed: 7212776557691884246

56 being54 the Chopper (level 3, 0/34 HPs)
             Began as a Hill Orc Monk on Mar 23, 2022.
             Succumbed to a kobold's poison
             ... on level 2 of the Dungeon.
             The game lasted 00:02:08 (1162 turns).

being54 the Chopper (Hill Orc Monk)                 Turns: 1162, Time: 00:02:09

Health: 0/34       AC:  8    Str: 15    XL:     3   Next: 95%
Magic:  3/3        EV:  6    Int: 10    God:
Gold:   41         SH:  0    Dex: 13    Spells: 2/2 levels left

rFire   . . .      SeeInvis .   a - +0 hand axe
rCold   . . .      Faith    .   (no shield)
rNeg    . . .      Spirit   .   e - +0 chain mail
rPois   .          Reflect  .   (no helmet)
rElec   .          Harm     .   (no cloak)
rCorr   .          Rampage  .   (no gloves)
Will    .....                   (no boots)
Stlth   ..........              (no amulet)
HPRegen 0.11/turn               (no ring)
MPRegen 0.08/turn               (no ring)

@: lethally poisoned (0 -> -25)
A: no striking features
a: no special abilities


You were on level 2 of the Dungeon.
You visited 1 branch of the dungeon, and saw 2 of its levels.

You collected 41 gold pieces.

Inventory:

Hand Weapons
 a - a +0 hand axe (weapon)
Armour
 e - a +0 chain mail (worn)
Scrolls
 b - 2 scrolls of teleportation
Potions
 d - 2 potions of flight {unknown}
 f - a potion of magic {unknown}
 g - a potion of curing {unknown}
 h - a potion of experience {unknown}


   Skills:
 + Level 4.3 Fighting
 * Level 5.6 Axes
 - Level 2.4 Dodging
 - Level 1.5 Stealth


You had 2 spell levels left.
You didn't know any spells.
Your spell library was empty.

Dungeon Overview and Level Annotations

Branches:
Dungeon (2/15)

Altars:


Message History

You are no longer poisoned.
Jessica hits you but does no damage.
You slash Jessica!
Jessica is almost dead.
Jessica hits you with a +0 dagger.
* * * LOW HITPOINT WARNING * * *
You hit Jessica.
You kill Jessica!
You barely miss the kobold.
The kobold hits you with a +0 short sword of venom.
* * * LOW HITPOINT WARNING * * *
You are confused.
You feel invigorated. The kobold completely misses you.
You miss the kobold. The kobold hits you but does no damage.
You are poisoned.
You bump into the rock wall.
You feel sick. The kobold hits you but does no damage.
You bump into the rock wall.
You feel less invigorated.
You feel less confused.
You feel sick. The kobold hits you but does no damage.
You hit the kobold but do no damage.
You feel sick. The kobold closely misses you.
You hit the kobold but do no damage.
You feel sick.
The kobold hits you with a +0 short sword of venom.
You are more poisoned.
You closely miss the kobold.
You feel very sick. The kobold barely misses you.
You closely miss the kobold.
You feel very sick. The kobold hits you but does no damage.
You are lethally poisoned!
You barely miss the kobold.
* * * LOW HITPOINT WARNING * * *
You feel very sick.
The kobold hits you with a +0 short sword of venom.
* * * LOW HITPOINT WARNING * * *
You are more poisoned.
You barely miss the kobold.
You die...

.. #.# .. #. #.#
#.. # #.##.#
#.@#.# ##K#.#
###########...#
..........#...#
#.#.....#..#[..(.#
#..#... #..#...#.#
##..## ##†###...>#
#....# #..# #....#
.....## ##.##
##...#


You could see a kobold.

Vanquished Creatures
  Jessica (D:2)
  5 ball pythons
  3 endoplasms (D:1)
  2 giant cockroaches (D:1)
  4 goblins
  3 hobgoblins (D:1)
  2 kobolds (D:1)
  2 quokkas (D:1)
  2 bats (D:1)
  2 frilled lizards (D:1)
  A rat (D:1)
27 creatures vanquished.

Notes
Turn   | Place    | Note
-------+----------+-------------------------------------------
     0 | D:1      | being54 the Hill Orc Monk began the quest for the Orb.
     0 | D:1      | Reached XP level 1. HP: 19/19 MP: 1/1
   272 | D:1      | Reached XP level 2. HP: 23/27 MP: 2/2
   573 | D:1      | Reached skill level 5 in Axes
   658 | D:1      | Reached XP level 3. HP: 31/33 MP: 3/3
  1128 | D:2      | Noticed Jessica
  1151 | D:2      | Killed Jessica
  1162 | D:2      | Succumbed to a kobold's poison

Illustrated notes

Levels and vault maps discovered:
D:1:      saegor_arrival_simple_b, layout_basic
D:2:      layout_basic, hellmonk_ecumenical_altar_blasted, basic_altar,
          mrwooster_statue_mirror, minmay_unequal, uniq_jessica, uniq_terence

Skill      XL: |  1  2 |
---------------+-------+-----
Fighting       | 4 |  4.3
Axes           | 5 |  5.6
Dodging        | |  2.4
Stealth        | |  1.5

Action                   || total
-------------------------++-------
Melee: Hand axe          ||    71
  Use: Scroll            ||     4
       Potion            ||     1
 Stab: Sleeping          ||     1
Armor: Robe              ||    10
       Chain mail        ||    36
Dodge: Dodged            ||    27

Table legend: (Time is in decaauts)
 A = Elapsed time spent in this place.
 B = Non-inter-level travel time spent in this place.
 C = Inter-level travel time spent in this place.
 D = Time resting spent in this place.
 E = Time spent auto-exploring this place.
 F = Levels seen in this place.
 G = Mean time per level.
                   A        B        C        D        E       F      G
               +--------+--------+--------+--------+--------+-----+--------+
         Total |   1165 |   1113 |     52 |      0 |    917 |   2 |  582.5 |
       Dungeon |   1165 |   1113 |     52 |      0 |    917 |   2 |  582.5 |
               +--------+--------+--------+--------+--------+-----+--------+

Top non-repeatable levels by time:
     D:1: 1066 daAuts
     D:2: 99 daAuts
